 Dungeon Crawl Stone Soup version 0.30-a0-765-g3161bf10a1 (webtiles) character file.

Game seed: 14839321590674092996

114 Conn the Firebug (level 4, -7/27 HPs)
             Began as an Octopode Fire Elementalist on Feb 12, 2023.
             Mangled by an iguana (9 damage)
             ... on level 3 of the Dungeon.
             The game lasted 00:05:20 (3253 turns).

Conn the Firebug (Octopode Fire Elementalist)       Turns: 3253, Time: 00:05:21

Health: -7/27      AC:  1    Str:  7    XL:     4   Next: 97%
Magic:  0/9        EV: 13    Int: 19    God:
Gold:   104        SH:  0    Dex: 12    Spells: 3/9 levels left

rFire   . . .      SeeInvis .    (no weapon)
rCold   . . .      Faith    .    (no shield)
rNeg    . . .      Spirit   .    (helmet restricted)
rPois   .          Reflect  .    (no amulet)
rElec   .          Harm     .    (no ring)
rCorr   .          Rampage  .    (no ring)
Will    .....                    (no ring)
Stlth   +++                      (no ring)
HPRegen 0.24/turn                (no ring)
MPRegen 0.11/turn                (no ring)
                                 (no ring)
                                 (no ring)

@: flying
A: almost no armour, amphibious, 8 rings, camouflage 1, gelatinous body 1,
(nimble swimmer 1), tentacles
a: no special abilities


You were on level 3 of the Dungeon.
You visited 1 branch of the dungeon, and saw 3 of its levels.

You collected 104 gold pieces.

Inventory:

Scrolls
 b - a scroll of amnesia {unknown}
 d - a scroll of blinking {unknown}
 e - a scroll of enchant armour {unknown}
 g - a scroll of teleportation {unknown}
 j - 3 scrolls of identify {unknown}
 k - a scroll of poison {unknown}
 m - a scroll of silence {unknown}
Potions
 a - a potion of magic
 c - 3 potions of flight
 f - a potion of mutation {unknown}
 h - a potion of heal wounds {unknown}
 i - a potion of degeneration {unknown}
 l - a potion of haste {unknown}


   Skills:
 + Level 2.2 Dodging
 + Level 2.7 Stealth
 * Level 3.3 Spellcasting
 * Level 1.9 Conjurations
 * Level 0.4 Hexes
 + Level 3.9 Fire Magic


You had 3 spell levels left.
You knew the following spells:

 Your Spells              Type           Power      Damage    Failure   Level
a - Foxfire               Conj/Fire      56%        2x1d6     4%          1
c - Inner Flame           Hex/Fire       11%        N/A       19%         3
e - Scorch                Fire           36%        2d7       4%          2

Your spell library contained the following spells:

 Spells                   Type           Power      Damage    Failure   Level
 Kindle Blastsparks       Fire/Tloc/Air  16%        2d11      26%         3
 Summon Guardian Golem    Hex/Summ       4%         N/A       38%         3
 Flame Wave               Conj/Fire      14%        2d6       41%         4
 Orb of Destruction       Conj           5%         9d5       100%        7
 Spellforged Servitor     Conj/Summ      3%         N/A       100%        7


Dungeon Overview and Level Annotations

Branches:
Dungeon (3/15)

Altars:

Shops:
D:1 (=[


Innate Abilities, Weirdness & Mutations

You cannot wear most types of armour.
You are amphibious.
You can wear up to eight rings at the same time.
Your skin changes colour to match your surroundings (Stealth+).
Your rubbery body absorbs attacks. (AC +1, EV +1)
((You are camouflaged when in or above water. (Stealth+)))
You have tentacles for arms and can constrict up to eight enemies at once.


Message History

The iguana's fire resistance burns away.
The foxfire hits the iguana but does no damage.
The iguana is heavily wounded.
The foxfire hits the iguana.
The iguana is burned terribly!
The iguana is severely wounded.
The iguana bites you!
Okay, then.
The iguana attacks as you move away! The iguana closely misses you.
Casting: Scorch (safe; 4% risk of failure)
Confirm with . or Enter, or press ? or * to list all spells.
You conjure some foxfire!
The iguana completely misses you.
You closely miss the iguana. You grab the iguana.
You squeeze the iguana, but do no damage.
The iguana is severely wounded.
You constrict the iguana, but do no damage.
The iguana is no longer more vulnerable to fire.
The foxfire hits the iguana but does no damage.
The iguana is severely wounded.
The foxfire hits the iguana but does no damage.
The iguana is severely wounded.
The iguana bites you!
You completely miss the iguana.
You squeeze the iguana, but do no damage.
The iguana is severely wounded.
You constrict the iguana. The iguana bites you!
* * * LOW HITPOINT WARNING * * *
Okay, then.
Okay, then.
It was a potion of flight.
You feel very buoyant.
You fly up into the air.
You constrict the iguana, but do no damage.
The iguana barely misses you.
Okay, then.
Okay, then.
You tentacle-slap the iguana but do no damage.
Your squeeze misses the iguana.
The iguana is severely wounded.
You constrict the iguana. The iguana bites you!
You die...

##.##### #+ #......#
#. #...##.# #####.
#...##.# ......##
#...##.# ##?..##
#.#.##.# #.....####
#.#.##.#
##...#l..#####......#
#.......@.........####
....#.###...#########
...... ##### ######


You could see an iguana.

Vanquished Creatures
  An iguana (D:3)
  2 adders (D:2)
  4 worms (D:2)
  A dart slug (D:2)
  6 orcs
  5 ball pythons
  8 bats
  3 endoplasms
  3 goblins (D:1)
  6 hobgoblins
  3 quokkas
  A frilled lizard (D:1)
  3 kobolds (D:2)
  2 rats (D:2)
48 creatures vanquished.

Vanquished Creatures (others)
  162 foxfires
162 creatures vanquished.

Grand Total: 210 creatures vanquished

Notes
Turn   | Place    | Note
-------+----------+-------------------------------------------
     0 | D:1      | Conn the Octopode Fire Elementalist began the quest for the
                  | Orb.
     0 | D:1      | Reached XP level 1. HP: 11/11 MP: 3/3
   198 | D:1      | Found Lihu's Jewellery Shop.
   217 | D:1      | Found Zapumpem's Armour Shoppe.
   248 | D:1      | Reached XP level 2. HP: 17/17 MP: 1/5
   558 | D:1      | Found Heqid's Antique Weapon Emporium.
   764 | D:1      | Found a faded altar of an unknown god.
  1364 | D:2      | Reached XP level 3. HP: 21/21 MP: 3/6
  1571 | D:3      | Learned a level 2 spell: Scorch
  1575 | D:3      | Learned a level 3 spell: Inner Flame
  2000 | D:2      | Reached XP level 4. HP: 27/27 MP: 3/8
  3251 | D:3      | HP: 1/27 [iguana (10)]
  3253 | D:3      | Mangled by an iguana

Illustrated notes

Levels and vault maps discovered:
D:1:      heliophobic_arrival_henge, layout_basic,
          chequers_ecumenical_altar_island, serial_shops,
          nicolae_shop_advertising_works [nicolae_subvault_shop_adworks],
          nicolae_diamond_shop, nicolae_shop_crystal
D:2:      layout_loops_corners
D:3:      layout_loops_corners

Skill      XL: |  1  2  3  4 |
---------------+-------------+-----
Spellcasting   | 3 |  3.3
Dodging        | |  2.2
Stealth        | |  2.7
Conjurations   | |  1.9
Hexes          | |  0.4
Fire Magic     | |  3.9

Action                     |  1- 3 |  4- 6 || total
---------------------------+-------+-------++-------
  Melee: Unarmed           |     4 |    13 ||    17
         Constrict         |     3 |     4 ||     7
         Tentacles         |     3 |     4 ||     7
   Cast: Foxfire           |    60 |    32 ||    92
         Scorch            |    10 |    10 ||    20
         Inner Flame       |       |     1 ||     1
    Use: Potion            |       |     1 ||     1
   Stab: Sleeping          |     1 |       ||     1
 Armour: Skin              |     1 |     9 ||    10
  Dodge: Dodged            |     3 |    32 ||    35

Table legend: (Time is in decaauts)
 A = Elapsed time spent in this place.
 B = Non-inter-level travel time spent in this place.
 C = Inter-level travel time spent in this place.
 D = Time resting spent in this place.
 E = Time spent auto-exploring this place.
 F = Levels seen in this place.
 G = Mean time per level.
                   A        B        C        D        E       F      G
               +--------+--------+--------+--------+--------+-----+--------+
         Total |   3254 |   3171 |     83 |     65 |   2536 |   3 | 1084.7 |
       Dungeon |   3254 |   3171 |     83 |     65 |   2536 |   3 | 1084.7 |
               +--------+--------+--------+--------+--------+-----+--------+

Top non-repeatable levels by time:
     D:2: 1467 daAuts
     D:1: 1301 daAuts
     D:3: 485 daAuts
